 Dungeon Crawl Stone Soup version 0.26-a0-291-g3d11bbfad5 (webtiles) character file.

Game seed: 7726009975841253739

18034 Infinimo the Arsonist (level 12, -2/106 HPs)
             Began as a Hill Orc Fire Elementalist on July 14, 2020.
             Was an Initiate of Gozag.
             Slain by Urug
             ... wielding a +4 eveningstar of draining
              (10 damage)
             ... while petrified by a basilisk
             ... on level 2 of the Lair of Beasts.
             The game lasted 00:35:38 (23891 turns).

Infinimo the Arsonist (Hill Orc Fire Elementalist) Turns: 23891, Time: 00:35:38

Health: -2/106     AC: 11    Str: 15    XL:     12   Next: 54%
Magic:  11/21      EV:  2    Int: 19    God:    Gozag
Gold:   1296       SH:  0    Dex: 11    Spells: 12/23 levels left

rFire    + + .     SeeInvis .   v - +1 whip (flame)
rCold    x . .     Faith    .   p - +1 kite shield {AC+3}
rNeg     + + +     Spirit   .   e - +2 robe {rF+}
rPois    ∞         Reflect  .   F - +0 helmet
rElec    .         Harm     .   (no cloak)
rCorr    .                      a - +2 pair of gloves {Str+3}
MR       .....                  (no boots)
Stlth    ++........             G - amulet of the acrobat
HPRegen  0.27/turn              u - ring of fire
MPRegen  0.17/turn              (no ring)

@: petrified, gold aura
A: no striking features
a: Potion Petition, Call Merchant, Bribe Branch, Renounce Religion


You were on level 2 of the Lair of Beasts.
You worshipped Gozag.
Gozag was most pleased with you.
You visited 2 branches of the dungeon, and saw 13 of its levels.
You also visited: Ossuary.

You collected 2910 gold pieces.
You spent 807 gold pieces at shops.
You paid 807 gold pieces to Gozag.

Inventory:

Hand Weapons
 v - a +1 whip of flaming (weapon)
Armour
 a - a +2 pair of gloves of strength (worn)
 e - a +2 robe of fire resistance (worn)
 p - a +1 kite shield of protection (worn)
 F - a +0 helmet (worn)
Jewellery
 u - a ring of fire (left hand)
 y - a +6 ring of dexterity {unknown}
 G - an amulet of the acrobat (around neck)
Wands
 d - a wand of clouds (6)
 C - a wand of iceblast (17)
 H - a wand of digging (2)
Scrolls
 f - 4 scrolls of teleportation
 g - a scroll of fog
 h - 4 scrolls of remove curse
 j - a scroll of blinking
 k - 6 scrolls of enchant weapon
 l - 2 scrolls of magic mapping
 x - a scroll of torment {unknown}
 E - 2 scrolls of amnesia
Potions
 b - 8 potions of haste
 c - 3 potions of cancellation
 i - a potion of mutation
 m - 2 potions of stabbing
 n - a potion of brilliance
 o - 3 potions of flight
 q - 4 potions of curing
 r - 5 potions of heal wounds
 s - 5 potions of degeneration
 t - a potion of might
 w - a potion of ambrosia
 z - a potion of lignification
 A - a potion of invisibility
 B - 2 potions of magic
 D - a potion of resistance


   Skills:
 + Level 9.6 Fighting
 - Level 1.5 Dodging
 - Level 1.5 Stealth
 + Level 4.7 Shields
 + Level 6.4 Spellcasting
 * Level 11.4 Conjurations
 * Level 12.7 Fire Magic


You had 12 spell levels left.
You knew the following spells:

 Your Spells              Type           Power        Failure   Level
a - Foxfire               Conj/Fire      ####         1%          1
b - Sticky Flame          Conj/Fire      ######..     2%          4
c - Magic Dart            Conj           ####         1%          1
d - Fireball              Conj/Fire      ######....   8%          5

Your spell library contained the following spells:

 Spells                   Type           Power        Failure   Level
 Conjure Flame            Conj/Fire      ######..     1%          3
 Shock                    Conj/Air       ####         4%          1
 Inner Flame              Hex/Fire       #####...     9%          3
 Static Discharge         Conj/Air       ####....     12%         3
 Mephitic Cloud           Conj/Pois/Air  ###.....     26%         3
 Beastly Appendage        Tmut           #.....       38%         1
 Blink                    Tloc           N/A          52%         2
 Call Imp                 Summ           #.......     52%         2
 Slow                     Hex            #.......     52%         2
 Sticks to Snakes         Tmut           #.......     52%         2
 Swiftness                Chrm/Air       #.......     52%         2
 Lightning Bolt           Conj/Air       ####......   73%         5
 Spider Form              Tmut/Pois      #.........   77%         3
 Airstrike                Air            #.........   99%         4
 Ice Form                 Ice/Tmut       #.......     99%         4
 Blade Hands              Tmut           #.........   100%        5


Dungeon Overview and Level Annotations

Branches:
Dungeon (11/15)            Temple (0/1) D:7            Lair (2/6) D:10
    Orc (0/2) D:10        Ossuary (visited)
  Swamp: Lair:2-4    Shoals: Lair:2-4     Snake: Lair:2-4    Spider: Lair:2-4

Altars:
Ashenzari
Dithmenos
Elyvilon
Fedhas
Gozag
Kikubaaqudgha
Nemelex Xobeh
Sif Muna
Trog
Uskayaw
Vehumet
Wu Jian
Xom
Yredelemnul
Zin

Shops:
D:5 [   D:7 !   D:9 [

Portals:
Abyss: D:3

Annotations:
D:3 2 transporters, exclusion: oklob plant, BritishOli's ghost, amateur DsFi
D:5 Askman's ghost, novice FoFi
Lair:2 Urug


Message History

The basilisk burns!
The basilisk gazes at you. You resist with some effort.
The basilisk burns!
The basilisk stops burning.
The basilisk bites you!
* * * LOW HITPOINT WARNING * * *
The basilisk bites you.
* * * LOW HITPOINT WARNING * * *
The basilisk bites you!
* * * LOW HITPOINT WARNING * * *
The basilisk gazes at you. You resist with some effort.
The basilisk gazes at you. You resist with some effort. The basilisk bites you.
* * * LOW HITPOINT WARNING * * *
Urug hits you with a +4 eveningstar of draining!!
* * * LOW HITPOINT WARNING * * *
Urug hits you with a +4 eveningstar of draining!!
You die...
Your body crumbles into a pile of gold.

#.# # ##.# ........#
###P.# #.......P
###. .....#
........######P#..#
.....##
#..................
.....P#
#..[..............#
.....##
#..................
......##
......o............
......P#
#..>..l@..........#
.....###
#...........$......
.....#
P.................#
.....#
#.##...............
.....#
##.#####.#.#######..
.....# ..P ##.#.#
.....## ..## #...##
.....P## #.P# ##.P#
.......###..###...#


You could see Urug and a basilisk.

Vanquished Creatures
  2 two-headed ogres (D:10)
  Pikel (D:4)
  An elephant (D:10)
  A black mamba (Lair:1)
  Joseph (Lair:1)
  A gargoyle (D:10)
  3 komodo dragons
  A troll (D:9)
  3 polar bears (Lair:1)
  Grinder (D:5)
  Prince Ribbit (D:9)
  4 blink frogs (Lair:1)
  6 hippogriffs
  Sigmund (D:6)
  2 wyverns
  2 basilisks (D:10)
  22 yaks
  A wraith (D:10)
  5 porcupines (Lair:1)
  6 water moccasins
  3 orc warriors
  A phantom (D:7)
  3 sky beasts
  7 black bears
  2 ice beasts
  9 ogres
  A necrophage (D:9)
  4 centaurs
  A crocodile (Lair:1)
  A lemure (D:5)
  7 bullfrogs
  2 gnoll sergeants
  2 water moccasin zombies
  4 killer bees (D:10)
  4 scorpions
  5 wights (D:8)
  4 electric eels (D:10)
  5 howler monkeys
  5 centaur zombies
  5 bullfrog zombies
  A quasit (D:8)
  5 hounds
  2 jellies
  2 centaur skeletons
  4 orc priests
  3 iguanas
  10 orc wizards
  5 worker ants
  A killer bee zombie (Ossuary)
  A hound zombie (Ossuary)
  2 hound skeletons
  13 mummies (Ossuary)
  A howler monkey zombie (Ossuary)
  3 worker ant zombies
  16 adders
  11 gnolls
  2 shadow imps (D:9)
  An ufetubus (D:7)
  3 oozes
  4 worms
  3 dart slugs
  6 leopard geckos
  21 orcs
  9 giant cockroaches
  8 goblins
  9 hobgoblins
  2 jackals (D:7)
  6 kobolds
  6 quokkas
  A ball python (D:3)
  6 bats
  7 frilled lizards
  A giant cockroach zombie (Ossuary)
  3 quokka zombies
  7 rats
  A butterfly (D:7)
326 creatures vanquished.

Vanquished Creatures (collateral kills)
  An orc warrior (D:9)
  An orc priest (D:9)
2 creatures vanquished.

Vanquished Creatures (others)
  A bullfrog skeleton (D:6)
  2 orcs (D:6)
  1550 foxfires
  2 fungi
  2 plants
  15 toadstools (D:3)
  3 withered plants (Ossuary)
1575 creatures vanquished.

Grand Total: 1903 creatures vanquished

Notes
Turn   | Place    | Note
-------+----------+-------------------------------------------
     0 | D:1      | Infinimo the Hill Orc Fire Elementalist began the quest for
                  | the Orb.
     0 | D:1      | Reached XP level 1. HP: 14/14 MP: 3/3
   326 | D:1      | Reached XP level 2. HP: 22/22 MP: 0/4
   912 | D:1      | Reached skill level 1 in Fighting
  1562 | D:2      | Reached XP level 3. HP: 28/28 MP: 0/5
  2460 | D:2      | Reached skill level 4 in Fire Magic
  2599 | D:2      | Reached XP level 4. HP: 36/36 MP: 1/6
  2659 | D:2      | Found a basalt altar of Yredelemnul.
  2918 | D:3      | Found a shadowy altar of Dithmenos.
  3522 | D:3      | Reached XP level 5. HP: 30/41 MP: 0/8
  3869 | D:3      | Found a one-way gate to the infinite horrors of the Abyss.
  3869 | D:3      | Noticed BritishOli's ghost (amateur DsFi)
  3869 | D:3      | Noticed a small abomination
  3873 | D:3      | Found a transporter.
  3910 | D:3      | Found a transporter.
  4007 | D:3      | Found an opulent altar of Gozag.
  4136 | D:3      | Became a worshipper of Gozag Ym Sagoz the Greedy
  4423 | D:3      | Found a blossoming altar of Fedhas.
  4438 | D:3      | Noticed an oklob plant
  5351 | D:4      | Noticed an ogre
  5447 | D:3      | Killed an ogre
  5447 | D:3      | Reached skill level 5 in Fire Magic
  5447 | D:3      | Reached XP level 6. HP: 44/50 MP: 7/9
  5677 | D:3      | Learned a level 4 spell: Sticky Flame
  6277 | D:5      | Entered Level 5 of the Dungeon
  6341 | D:5      | Found Giubrox's Antique Armour Shop.
  6563 | D:5      | Reached XP level 7. HP: 57/57 MP: 3/10
  6652 | D:5      | Noticed Grinder
  6675 | D:5      | Killed Grinder
  6675 | D:5      | Reached skill level 6 in Fire Magic
  7090 | D:5      | Noticed Pikel
  7143 | D:4      | Killed Pikel
  7143 | D:4      | Reached skill level 5 in Conjurations
  7143 | D:4      | Reached skill level 7 in Fire Magic
  7143 | D:4      | Reached XP level 8. HP: 48/67 MP: 1/13
  7261 | D:5      | Bought a pair of embroidered gloves for 187 gold pieces
  7483 | D:5      | Learned a level 1 spell: Magic Dart
  8014 | D:5      | Found a sparkling altar of Nemelex Xobeh.
  8015 | D:5      | Found an opulent altar of Gozag.
  8268 | D:5      | Found an ornate altar of the Wu Jian Council.
  8549 | D:6      | Found a radiant altar of Vehumet.
  8699 | D:6      | Found a shattered altar of Ashenzari.
  8710 | D:6      | Reached skill level 5 in Fighting
  8907 | D:6      | Noticed a hippogriff
  8923 | D:6      | Killed a hippogriff
  8923 | D:6      | Reached XP level 9. HP: 68/74 MP: 9/14
  8939 | D:6      | Reached skill level 8 in Fire Magic
  9173 | D:6      | Found a sand-covered staircase.
  9196 | Ossuary  | Entered an ossuary
 10704 | D:6      | Found a runed translucent door.
 10704 | D:6      | Found a shimmering altar of Xom.
 10704 | D:6      | Noticed Askman's ghost (novice FoFi)
 10704 | D:6      | Noticed a +0 spear of chaos
 10749 | D:6      | Noticed Sigmund
 10762 | D:6      | Killed Sigmund
 11088 | D:6      | Found a white marble altar of Elyvilon.
 12688 | D:7      | Reached skill level 9 in Fire Magic
 13082 | D:7      | Reached XP level 10. HP: 84/84 MP: 10/16
 13186 | D:7      | Found a staircase to the Ecumenical Temple.
 13421 | D:7      | Found Ziuxzim's Distillery.
 13484 | D:7      | Bought a potion of heal wounds for 55 gold pieces
 13484 | D:7      | Bought a potion of magic for 88 gold pieces
 13484 | D:7      | Bought a potion of curing for 33 gold pieces
 13484 | D:7      | Bought a potion of haste for 110 gold pieces
 13484 | D:7      | Bought a potion of heal wounds for 55 gold pieces
 14511 | D:8      | Found an ancient bone altar of Kikubaaqudgha.
 14511 | D:8      | Found a bloodstained altar of Trog.
 14512 | D:8      | Found a glowing silver altar of Zin.
 15023 | D:8      | Reached skill level 10 in Fire Magic
 15398 | D:8      | Reached skill level 5 in Spellcasting
 17029 | D:9      | Noticed Prince Ribbit
 17037 | D:9      | Killed Prince Ribbit
 17037 | D:9      | Reached XP level 11. HP: 83/94 MP: 11/18
 17092 | D:9      | Found a hide-covered altar of Uskayaw.
 17505 | D:9      | Reached skill level 11 in Fire Magic
 17759 | D:9      | Found a shimmering blue altar of Sif Muna.
 18001 | D:9      | Bought a runed robe for 92 gold pieces
 18014 | D:9      | Bought a runed kite shield for 187 gold pieces
 18057 | D:10     | Entered Level 10 of the Dungeon
 18102 | D:10     | Noticed a two-headed ogre
 18116 | D:10     | Killed a two-headed ogre
 18374 | D:10     | Reached skill level 1 in Shields
 18481 | D:10     | Noticed a two-headed ogre
 18509 | D:10     | Killed a two-headed ogre
 18521 | D:10     | Reached skill level 10 in Conjurations
 18756 | D:10     | Found a staircase to the Lair.
 19740 | D:10     | Found a staircase to the Orcish Mines.
 20188 | D:10     | Learned a level 5 spell: Fireball
 20213 | Lair:1   | Entered Level 1 of the Lair of Beasts
 20352 | Lair:1   | Noticed Joseph
 20372 | Lair:1   | Killed Joseph
 21258 | Lair:1   | Reached skill level 12 in Fire Magic
 21294 | Lair:1   | Reached XP level 12. HP: 84/104 MP: 5/21
 21601 | Lair:1   | HP: 4/104 [komodo dragon (20)]
 23880 | Lair:2   | Noticed Urug
 23891 | Lair:2   | Slain by Urug

Illustrated notes

Levels and vault maps discovered:
D:1:      dpeg_arrival_short_road, layout_basic, grunt_decor_fettered,
          columned_hall_lemuel, moated_statue, hangedman_decor_lopped,
          roderic_roman_lattice
D:2:      layout_basic, nicolae_overflow_crystal_walls
D:3:      layout_basic, tgw_fedhas, grunt_dithmenos_smoke,
          gammafunk_ghost_abyssal_escape, grunt_gozag_breadcrumbs
D:4:      layout_cave_pools
D:5:      wad_river_or_something, layout_basic, grunt_temple_overflow_opulence,
          marbit_many_paths, serial_shops, nicolae_shop_overgrown_old_shop,
          minmay_stone_trees_medium, uniq_grinder, uniq_pikel
D:6:      layout_basic, kennysheep_mini_moat, fiery_altar_vehumet,
          ashenzari_altar_1, nicolae_ossuary_entry_ruins, ebering_ghost_xom,
          uniq_sigmund
D:7:      layout_basic, minmay_temple_entry_butterflies, serial_shops,
          shop_statue
D:8:      layout_rooms, grunt_temple_overflow_open, bh_walls_and_bars
D:9:      kennysheep_orc_sif_temple, layout_long_grid, lemuel_round_altar,
          uniq_prince_ribbit1
D:10:     layout_basic, david_lair_generic
D:11:     layout_long_grid, special_room [special_room_bee], uniq_erica
Lair:1:   beast_lair_carwin_large_1, layout_misc_corridors, st_stairs_7,
          uniq_joseph
Lair:2:   cheibrodos_lair_river_kwai, layout_small_grid, uniq_urug

Skill      XL: |  1  2  3  4  5  6  7  8  9 10 11 12 |
---------------+-------------------------------------+-----
Fighting       | 1 2 3 4 5 6 7 9 |  9.6
Conjurations   | 2 3 4 5 6 7 9 10 11 | 11.4
Fire Magic     | 4 5 7 9 10 12 | 12.7
Spellcasting   | 2 3 4 5 6 |  6.4
Shields        | 3 4 |  4.7
Dodging        | |  1.5
Stealth        | |  1.5

Action                   |  1- 3 |  4- 6 |  7- 9 | 10-12 || total
-------------------------+-------+-------+-------+-------++-------
Melee: Dagger            |     6 |    20 |       |       ||    26
       Mace              |       |       |     1 |       ||     1
       Whip              |       |       |    77 |    68 ||   145
 Cast: Foxfire           |   125 |   203 |   254 |   401 ||   983
       Sticky Flame      |       |     1 |    21 |    96 ||   118
       Magic Dart        |       |       |    78 |    25 ||   103
Invok: Call Merchant     |       |       |       |     1 ||     1
  Use: Potion            |       |     2 |     3 |     1 ||     6
       Scroll            |       |     6 |     4 |    15 ||    25
 Stab: Distracted        |       |       |     1 |       ||     1
Armor: Robe              |     9 |     4 |    56 |    65 ||   134
Dodge: Dodged            |     9 |    22 |   146 |   167 ||   344
Block: Kite shield       |       |       |       |    29 ||    29

Table legend:
 A = Non-vault XP
 B = Vault XP
 C = Vault XP percentage of total XP
 D = Non-vault monster count
 E = Vault monster count
 F = Vault count percentage of total count
                 A         B        C        D         E       F
            +---------+---------+-------+---------+---------+-------
      Total |   19768 |    5996 |  23.3 |     270 |      56 |  17.2
            +---------+---------+-------+---------+---------+-------
        D:1 |      32 |       0 |   0.0 |      20 |       0 |   0.0
        D:2 |      60 |       0 |   0.0 |      20 |       0 |   0.0
        D:3 |     286 |       0 |   0.0 |      32 |       0 |   0.0
        D:4 |     129 |     641 |  83.2 |       7 |       1 |  12.5
        D:5 |     343 |     524 |  60.4 |      21 |       8 |  27.6
        D:6 |     878 |     205 |  18.9 |      23 |       1 |   4.2
        D:7 |    1511 |       0 |   0.0 |      23 |       0 |   0.0
        D:8 |    1591 |       0 |   0.0 |      29 |       0 |   0.0
        D:9 |    2300 |     509 |  18.1 |      33 |       5 |  13.2
       D:10 |    3973 |    1121 |  22.0 |      20 |       4 |  16.7
     Lair:1 |    5809 |    2175 |  27.2 |      27 |      10 |  27.0
     Lair:2 |    2856 |       0 |   0.0 |      15 |       0 |   0.0
    Ossuary |       0 |     821 | 100.0 |       0 |      27 | 100.0
            +---------+---------+-------+---------+---------+-------
